 Dungeon Crawl Stone Soup version 0.21.1-1-g345015fe64 (webtiles) character file.

65476 fellowfoe the Imperceptible (level 14, -3/70 HPs)
             Began as a Spriggan Assassin on June 14, 2018.
             Was the Champion of Dithmenos.
             Slain by a jumping spider (14 damage)
             ... on level 2 of the Spider Nest on June 16, 2018.
             The game lasted 04:30:11 (45923 turns).

fellowfoe the Imperceptible (Spriggan Assassin)    Turns: 45923, Time: 04:30:12

Health: -3/70      AC:  5    Str:  7    XL:     14   Next: 75%
Magic:  0/21       EV: 31    Int: 22    God:    Dithmenos [******]
Gold:   1752       SH:  5    Dex: 29    Spells: 10/21 levels left

rFire    . . .     SeeInvis +   b - +1 blowgun
rCold    + + .     Gourm    .   (shield restricted)
rNeg     . . .     Faith    .   H - +1 robe of Starshine {rElec rC++ Int+6}
rPois    +         Spirit   .   (helmet restricted)
rElec    +         Reflect  +   d - +1 cloak
rCorr    .         Harm     .   (gloves unavailable)
MR       ++...                  (boots unavailable)
Stlth    ++++++++++             X - +5 amulet of reflection
HPRegen  0.21/turn              r - ring of Sif Muna's Pride {rPois Int+4 Dex+3}
MPRegen  0.17/turn              y - ring of the Sparrow {rPois Dex+3}

@: wreathed by umbra, very quick
A: very small, unfitting armour, see invisible, herbivore, speed 3, slow
metabolism 2
a: Shadow Step, Shadow Form, Renounce Religion


You were on level 2 of the Spider Nest.
You worshipped Dithmenos.
Dithmenos was exalted by your worship.
You were not hungry.

You visited 5 branches of the dungeon, and saw 25 of its levels.
You also visited: Labyrinth and Ice Cave.

You collected 2564 gold pieces.
You spent 812 gold pieces at shops.

Inventory:

Hand Weapons
 a - a +2 antimagic rapier
 b - a +1 blowgun (weapon)
 o - a +0 hunting sling
 D - a cursed -2 dagger
 V - a +0 shortbow
Missiles
 e - 11 poisoned needles
 f - 19 curare-tipped needles (quivered)
 E - 38 tomahawks
 G - 186 arrows
 I - 2 needles of confusion
 Q - 85 sling bullets
Armour
 d - a +1 cloak (worn)
 H - the +1 robe of Starshine (worn) {rElec rC++ Int+6}
   (You found it on level 1 of the Lair of Beasts)

   It affects your intelligence (+6).
   It greatly protects you from cold.
   It insulates you from electricity.
 Y - a +1 robe of cold resistance
Jewellery
 c - an uncursed amulet of magic regeneration
 i - an uncursed ring of protection from magic
 r - the ring of Sif Muna's Pride (left hand) {rPois Int+4 Dex+3}
   (You found it in an ice cave)

   [ring of poison resistance]

   It affects your intelligence (+4).
   It affects your dexterity (+3).
   It protects you from poison.
 y - the ring of the Sparrow (right hand) {rPois Dex+3}
   (You bought it in a shop on level 2 of the Orcish Mines)

   [ring of dexterity]

   It affects your dexterity (+3).
   It protects you from poison.
 J - an uncursed ring of protection from fire
 L - a +3 ring of dexterity
 N - a +2 ring of evasion
 P - an uncursed amulet of guardian spirit
 S - an uncursed ring of protection from cold
 X - a +5 amulet of reflection (around neck)
Wands
 k - a wand of paralysis (15)
 n - a wand of scattershot (8)
 p - a wand of polymorph (9)
 B - a wand of enslavement (7)
 C - a wand of digging (5)
 F - a wand of iceblast (14)
 O - a wand of acid (5)
Scrolls
 j - 4 scrolls of remove curse
 m - 7 scrolls of teleportation
 x - 5 scrolls of identify
 M - 5 scrolls of magic mapping
 T - 4 scrolls of fear
 U - a scroll of enchant armour
Potions
 h - 5 potions of invisibility
 l - 7 potions of agility
 q - a potion of magic
 s - 5 potions of lignification
 t - a potion of flight
 u - 6 potions of curing
 v - a potion of might
 z - 7 potions of brilliance
 K - 3 potions of resistance
 R - 2 potions of haste
 Z - a potion of heal wounds
Books
 w - the Papyrus of Orientation and Clay
   (You found it in a labyrinth)

   Spells                             Type                      Level
   a - Blink                          Translocation                2
   b - Portal Projectile              Hexes/Translocation          3
   c - Recall                         Summoning/Translocation      3
   d - Teleport Other                 Translocation                3
   e - Passage of Golubria            Translocation                4
   f - Bolt of Magma                  Conjuration/Fire/Earth       5
 A - a book of Misfortune

   Spells                             Type                      Level
   a - Confusing Touch                Hexes                        1
   b - Confuse                        Hexes                        3
   c - Gell's Gravitas                Translocation                3
   d - Petrify                        Transmutation/Earth          4
   e - Metabolic Englaciation         Hexes/Ice                    5
   f - Yara's Violent Unravelling     Hexes/Transmutation          5
Comestibles
 g - 15 rations


   Skills:
 - Level 6.0 Fighting
 - Level 12.0 Short Blades
 * Level 9.8 Bows
 - Level 9.5 Throwing
 - Level 4.0 Armour
 - Level 10.0 Dodging
 - Level 22.3 Stealth
 - Level 4.0 Spellcasting
 - Level 8.1 Translocations
 - Level 6.0 Evocations


You had 10 spell levels left.
You knew the following spells:

 Your Spells              Type           Power        Failure   Level  Hunger
a - Blink                 Tloc           N/A          1%          2    #......
b - Teleport Other        Tloc           #####...     1%          3    ###....
c - Gell's Gravitas       Tloc           #####.....   1%          3    ###....
d - Portal Projectile     Hex/Tloc       ###...       6%          3    ###....


Dungeon Overview and Level Annotations

Branches:
Dungeon (15/15)            Temple (1/1) D:4            Lair (5/6) D:8
 Shoals (0/4) Lair:4       Spider (2/4) Lair:3          Orc (2/2) D:12
    Elf (0/3) Orc:2        Vaults (0/5) D:14
  Slime: Lair:5-6    Depths: D:15

Altars:
Ashenzari
Cheibriados
Dithmenos
Elyvilon
Fedhas
Gozag
Hepliaklqana
Kikubaaqudgha
Makhleb
Nemelex Xobeh
Okawaru
Qazlal
Ru
Sif Muna
Trog
Uskayaw
Vehumet
Wu Jian
Xom
Yredelemnul
Zin
The Shining One
Beogh

Shops:
D:5 %   D:7 [   D:9 [   D:13 =   Orc:2 *}[=

Annotations:
D:5 Evaline's ghost, novice MiFi
D:8 Gastronok
D:14 exclusion: tengu warrior
Lair:1 exclusion: 2 oklob plants
Lair:2 GreedyOne's ghost, journeyman FoFi
Spider:2 zuik's ghost, adept HOBe
Orc:1 Evaline's ghost, journeyman CeHu
Orc:2 exclusions: orc sorcerer and orc warlord


Innate Abilities, Weirdness & Mutations

You are very small and have problems with some larger weapons.
You are too small for most types of armour.
You have supernaturally acute eyesight. (SInv)
You are a herbivore.
You cover ground extremely quickly.
You need consume almost no food.


Message History

The jumping spider leaps!
The ghost moth stares at you. The ghost moth stares at you.
The jumping spider leaps!
The jumping spider leaps!
The jumping spider hisses angrily.
The ghost moth stares at you.
The jumping spider leaps!
The ghost moth stares at you.
You feel your power leaking away.
The jumping spider leaps!
The redback barely misses you.
The jumping spider leaps!
The ghost moth stares at you.
The jumping spider leaps!
Found 17 stones.
The ghost moth stares at you.
The jumping spider leaps!
You found a web!
The jumping spider leaps!
The jumping spider pounces on you!
You die...

..#....y...)..#.....#.
...^#...s#........#....
..#....#s..#..#.........
.....#.#s.......#.....#.
..#..####§#^......#......
.....#.#s#s....§......^..
.............#.s.%.......
.....(.#.##..............
##.#.#.#..§^@.....#s#..#.....
#.. ..#....#.s.............#.
....<#........#......#.......
..............#.............
###..#......#....#......#..#.
##............##..^....#(.....
#...)......#......#...........
#......#<..^.....#..#!...#....
##....§§s§s#..........#.[..


You could see a wolf spider, 2 jumping spiders and 4 redbacks.

Vanquished Creatures
  Kirke (D:13)
  A minotaur (Lab)
  The ghost of TheNosferatu the Fighter, a journeyman MiFi of Yredelemnul (Spider:1)
  A hydra (D:12)
  Fannar (D:10)
  2 ice dragons (IceCv)
  5 two-headed ogres
  3 orc high priests (Orc:2)
  A death yak (Lair:4)
  Urug (D:12)
  Sonja (D:11)
  A shadow wraith (D:14)
  A harpy (shapeshifter) (D:14)
  2 unseen horrors
  A phantasmal warrior (D:14)
  A lindwurm (Lair:4)
  2 orc knights (Orc:2)
  11 ugly things
  2 cyclopes (Orc:2)
  2 deep elf magi (D:13)
  6 orb spiders
  4 orc sorcerers
  A manticore (D:9)
  9 wolf spiders
  A black mamba (Lair:2)
  A centaur zombie (D:14)
  Maurice (D:12)
  A centaur skeleton (D:14)
  Psyche (D:11)
  3 spiny frogs
  A demonic crawler (Lair:3)
  4 komodo dragons
  2 rime drakes (IceCv)
  A kobold demonologist (D:11)
  A freezing wraith (D:14)
  A polar bear (Lair:3)
  5 trolls
  7 jumping spiders
  A meliai (D:12)
  A hornet (D:12)
  A meliai zombie (D:14)
  3 hippogriffs
  23 redbacks
  A centaur simulacrum (D:14)
  A wyvern (D:12)
  2 shadows
  8 tarantellas
  41 yaks
  A wraith (D:9)
  A vampire (D:11)
  4 hogs (D:13)
  2 basilisks (Lair:3)
  7 vampire mosquitoes (D:13)
  3 wargs
  2 acid dragons
  2 soldier ants (D:13)
  7 water moccasins
  6 porcupines
  16 ice beasts
  32 orc warriors
  3 black bears
  4 phantoms
  2 sky beasts
  4 centaurs
  5 wolves
  16 ogres
  4 crocodiles
  9 big kobolds
  21 bullfrogs
  A gnoll sergeant (D:12)
  6 scorpions
  6 crimson imps
  5 hounds
  A quasit (D:7)
  4 jellies
  24 orc priests
  6 bullfrog skeletons
  4 iguanas
  12 orc wizards
  11 worker ants
  A worker ant zombie (D:5)
  5 gnolls (D:12)
  11 adders
  7 shadow imps
  12 white imps (Lair:2)
  An ooze (D:4)
  An adder skeleton (D:4)
  3 worms
  4 dart slugs
  4 leopard geckos
  89 orcs
  5 giant cockroaches
  13 goblins
  11 hobgoblins
  7 jackals
  17 kobolds
  8 quokkas
  2 ball pythons
  7 bats
  7 frilled lizards
  A leopard gecko skeleton (D:8)
  A quokka skeleton (D:5)
  A quokka zombie (D:7)
  5 rats
  A fungus (Lair:2)
628 creatures vanquished.

Vanquished Creatures (others)
  A human (D:13)
  3 fungi
  10 plants
14 creatures vanquished.

Grand Total: 642 creatures vanquished

Notes
Turn   | Place    | Note
-------+----------+-------------------------------------------
     0 | D:1      | fellowfoe the Spriggan Assassin began the quest for the Orb.
     0 | D:1      | Reached XP level 1. HP: 10/10 MP: 2/2
   176 | D:1      | Reached skill level 6 in Stealth
   419 | D:1      | Reached XP level 2. HP: 14/14 MP: 3/3
   723 | D:1      | Reached XP level 3. HP: 17/18 MP: 4/4
  1845 | D:2      | Reached XP level 4. HP: 22/23 MP: 5/5
  3746 | D:3      | Reached skill level 7 in Stealth
  3971 | D:4      | Reached XP level 5. HP: 26/26 MP: 6/6
  3982 | D:4      | Noticed an ogre
  4045 | D:4      | Killed an ogre
  4335 | D:4      | Found a staircase to the Ecumenical Temple.
  4344 | Temple   | Entered the Ecumenical Temple
  4575 | D:4      | Reached XP level 6. HP: 32/32 MP: 7/7
  6286 | D:5      | Entered Level 5 of the Dungeon
  6340 | D:5      | Reached skill level 8 in Stealth
  6500 | D:5      | Found Lyerok's Food Shop.
  6651 | D:5      | You fall through a shaft!
  6651 | D:6      | Found a burning altar of Makhleb.
  6655 | D:6      | Reached XP level 7. HP: 36/36 MP: 8/8
  6726 | D:6      | Found an opulent altar of Gozag.
  6906 | D:6      | Reached skill level 5 in Dodging
  7459 | D:5      | Noticed Evaline's ghost (novice MiFi)
  7592 | D:4      | Reached skill level 5 in Short Blades
  7899 | D:5      | Reached XP level 8. HP: 35/42 MP: 9/9
  8527 | D:6      | Reached skill level 9 in Stealth
  9139 | D:7      | Found a shimmering altar of Xom.
  9877 | D:7      | Found a shadowy altar of Dithmenos.
  9894 | D:7      | Reached skill level 5 in Throwing
  9971 | D:7      | Became a worshipper of Dithmenos the Shadowed
 10290 | D:7      | Found Suggyc's Armour Emporium.
 10589 | D:7      | Found a glowing golden altar of the Shining One.
 10589 | D:7      | Found a hide-covered altar of Uskayaw.
 10589 | D:7      | Found an iron altar of Okawaru.
 10589 | D:7      | Found a shattered altar of Ashenzari.
 11098 | D:7      | Found a bloodstained altar of Trog.
 11098 | D:7      | Found a stormy altar of Qazlal.
 11272 | D:8      | Noticed Gastronok
 11341 | D:8      | Found the +8 trident of the Octopus King {venom, rElec rPois MR+}
 11881 | D:8      | Noticed a two-headed ogre
 11995 | D:8      | Reached skill level 10 in Stealth
 12079 | D:8      | Reached XP level 9. HP: 46/46 MP: 10/10
 12564 | D:8      | Killed a two-headed ogre
 12564 | D:8      | Reached skill level 5 in Fighting
 12564 | D:8      | Reached skill level 11 in Stealth
 12739 | D:8      | Reached * piety under Dithmenos
 12939 | D:8      | Found a staircase to the Lair.
 13153 | D:8      | Found a hazy altar of Hepliaklqana.
 13154 | D:8      | Found a radiant altar of Vehumet.
 13285 | D:8      | Found a deep blue altar of Sif Muna.
 13444 | D:9      | Identified a scroll of acquirement
 13737 | D:9      | Found Fasu's Armour Emporium.
 13800 | D:9      | Noticed a two-headed ogre
 13806 | D:9      | Killed a two-headed ogre
 13806 | D:9      | Reached skill level 12 in Stealth
 13806 | D:9      | Reached XP level 10. HP: 53/53 MP: 11/11
 13814 | D:9      | Noticed a manticore
 13820 | D:9      | Killed a manticore
 13820 | D:9      | Reached skill level 1 in Evocations
 14386 | Lair:1   | Entered Level 1 of the Lair of Beasts
 14433 | Lair:1   | Noticed an oklob plant
 14433 | Lair:1   | Noticed an oklob plant
 15010 | Lair:1   | Reached skill level 13 in Stealth
 15088 | Lair:1   | Reached skill level 1 in Armour
 15617 | Lair:1   | Reached XP level 11. HP: 56/56 MP: 15/15
 16446 | Lair:2   | Found a frozen archway.
 16486 | IceCv    | Entered an ice cave
 16700 | IceCv    | Reached ** piety under Dithmenos
 16715 | IceCv    | Reached skill level 14 in Stealth
 16944 | IceCv    | Noticed an ice dragon
 16948 | IceCv    | Noticed an ice dragon
 16951 | IceCv    | Killed an ice dragon
 16951 | IceCv    | Reached skill level 10 in Short Blades
 16954 | IceCv    | Killed an ice dragon
 16968 | IceCv    | Got a fine wooden ring
 17041 | IceCv    | Identified the ring of Sif Muna's Pride {rPois Int+4 Dex+3} (You found it in an ice cave)
 17902 | Lair:2   | Found the +3 giant club "Skullcrusher" {speed, Str+7}
 18657 | Lair:2   | Reached skill level 15 in Stealth
 19217 | Lair:2   | Noticed GreedyOne's ghost (journeyman FoFi)
 19466 | Lair:3   | Found a hole to the Spider Nest.
 19599 | Spider:1 | Entered Level 1 of the Spider Nest
 19780 | Spider:1 | Noticed an orb spider
 19950 | Spider:1 | Killed an orb spider
 20070 | Spider:1 | Noticed a wolf spider
 20091 | Spider:1 | Killed a wolf spider
 20091 | Spider:1 | Reached skill level 16 in Stealth
 20137 | Spider:1 | Noticed a wolf spider
 20137 | Spider:1 | Noticed an orb spider
 20180 | Spider:1 | Killed a wolf spider
 20180 | Spider:1 | Reached XP level 12. HP: 61/61 MP: 16/16
 20267 | Spider:1 | Noticed TheNosferatu's ghost (journeyman MiFi)
 20522 | Lair:3   | You fall through a shaft for 2 floors!
 20534 | Lair:4   | Found a staircase to the Shoals.
 21262 | Lair:3   | Reached skill level 17 in Stealth
 22313 | Lair:2   | Reached *** piety under Dithmenos
 22583 | Spider:1 | Reached skill level 18 in Stealth
 23406 | Spider:1 | Reached skill level 19 in Stealth
 24331 | Spider:2 | Noticed a ghost moth
 24333 | Spider:2 | Reached skill level 20 in Stealth
 24334 | Spider:2 | Noticed zuik's ghost (adept HOBe)
 24921 | Lair:4   | Reached XP level 13. HP: 48/65 MP: 15/17
 25243 | D:10     | Entered Level 10 of the Dungeon
 25816 | D:10     | Noticed Fannar
 25819 | D:10     | Killed Fannar
 25863 | D:10     | Reached **** piety under Dithmenos
 25991 | D:10     | Reached skill level 21 in Stealth
 26319 | D:11     | Found a labyrinth entrance.
 26331 | Lab      | Entered a labyrinth
 26897 | Lab      | Noticed a minotaur
 26942 | Lab      | Killed a minotaur
 26954 | Lab      | Identified the Papyrus of Orientation and Clay
 27155 | D:11     | Learned a level 2 spell: Blink
 27159 | D:11     | Learned a level 3 spell: Teleport Other
 27310 | D:11     | Noticed Psyche
 27315 | D:11     | Killed Psyche
 27340 | D:11     | Noticed Sonja
 27347 | D:11     | Killed Sonja
 27347 | D:11     | Reached skill level 1 in Spellcasting
 27347 | D:11     | Reached skill level 1 in Translocations
 28401 | D:12     | Reached ***** piety under Dithmenos
 28642 | D:12     | Noticed Maurice
 28668 | D:12     | Killed Maurice
 29226 | D:12     | Found a roughly hewn altar of Beogh.
 29327 | D:12     | Found a staircase to the Orcish Mines.
 29369 | D:12     | Noticed Urug
 29923 | D:12     | Killed Urug
 30235 | Orc:1    | Entered Level 1 of the Orcish Mines
 30235 | Orc:1    | Noticed Evaline's ghost (journeyman CeHu)
 30936 | D:13     | Reached skill level 5 in Translocations
 31997 | D:13     | Found Syuchelu's Jewellery Emporium.
 32024 | D:13     | Noticed Kirke
 32282 | D:13     | Killed Kirke
 32526 | D:13     | Reached skill level 22 in Stealth
 32670 | D:14     | Reached XP level 14. HP: 70/70 MP: 7/21
 32672 | D:14     | Reached skill level 10 in Dodging
 32895 | D:13     | Learned a level 3 spell: Gell's Gravitas
 32899 | D:13     | Learned a level 3 spell: Portal Projectile
 33629 | D:14     | Reached skill level 1 in Bows
 34338 | D:15     | Entered Level 15 of the Dungeon
 34776 | D:14     | Reached skill level 5 in Evocations
 34933 | D:14     | Found a gate to the Vaults.
 37060 | Orc:2    | Entered Level 2 of the Orcish Mines
 37175 | Orc:2    | Reached ****** piety under Dithmenos
 38020 | Orc:2    | Reached skill level 5 in Bows
 39491 | Orc:2    | Found Paivisiq's Antique Armour Boutique.
 40059 | Orc:2    | Found a roughly hewn altar of Beogh.
 40112 | Orc:2    | Found Yriron's Gadget Emporium.
 40242 | Orc:2    | Found Gaxuckis's General Store.
 40250 | Orc:2    | Bought a ration for 75 gold pieces
 40250 | Orc:2    | Bought 18 arrows for 54 gold pieces
 40250 | Orc:2    | Bought a ration for 75 gold pieces
 40250 | Orc:2    | Bought a ration for 75 gold pieces
 41447 | Orc:2    | Found a staircase to the Elven Halls.
 41933 | Orc:2    | Noticed an orc warlord
 41939 | Orc:2    | Found Lamaedei's Jewellery Shoppe.
 41960 | Orc:2    | Bought the ring of the Sparrow {rPois Dex+3} for 430 gold pieces
 42908 | Orc:2    | Bought a glowing robe for 103 gold pieces
 43150 | Lair:1   | Got a tattered robe
 43156 | Lair:1   | Identified the cursed +1 robe of Starshine {rElec rC++ Int+6} (You found it on level 1 of the Lair of Beasts)
 45737 | Spider:1 | Killed TheNosferatu's ghost
 45923 | Spider:2 | Slain by a jumping spider

Skill      XL: |  1  2  3  4  5  6  7  8  9 10 11 12 13 14 |
---------------+-------------------------------------------+-----
Stealth        | 6 7 8 10 12 13 16 20 22 | 22.3
Dodging        | 2 3 4 5 7 9 10 | 10.0
Fighting       | 2 3 4 6 |  6.0
Short Blades   | 3 4 5 6 7 9 11 12 | 12.0
Throwing       | 3 4 5 7 8 9 |  9.5
Evocations     | 4 6 |  6.0
Armour         | 1 4 |  4.0
Spellcasting   | 4 |  4.0
Translocations | 6 8 |  8.1
Bows           | 9 |  9.8

Action                   |  1- 3 |  4- 6 |  7- 9 | 10-12 | 13-15 || total
-------------------------+-------+-------+-------+-------+-------++-------
Melee: Dagger            |   159 |   276 |   216 |       |       ||   651
       Rapier            |       |       |    62 |   760 |  1534 ||  2356
       Hunting sling     |       |       |     1 |       |       ||     1
 Fire: Hunting sling     |     8 |    65 |   502 |    36 |   241 ||   852
       Blowgun           |     7 |    31 |   102 |   190 |   180 ||   510
       Shortbow          |       |       |       |       |   277 ||   277
Throw: Tomahawk          |       |       |     7 |    13 |    44 ||    64
 Cast: Teleport Other    |       |       |       |       |     7 ||     7
       Portal Projectile |       |       |       |       |    13 ||    13
       Blink             |       |       |       |       |     7 ||     7
Evoke: Wand              |       |       |       |     7 |     2 ||     9
  Use: Scroll            |       |    11 |    14 |     2 |     8 ||    35
       Potion            |       |       |       |     6 |     2 ||     8
 Stab: Sleeping          |    11 |    13 |    15 |    41 |   116 ||   196
       Distracted        |     1 |     1 |     1 |       |    20 ||    23
       Invisible         |       |       |       |     5 |       ||     5
       Confused          |       |       |       |       |     1 ||     1
  Eat: Ration            |       |     1 |     4 |     6 |    11 ||    22
Armor: Robe              |    30 |    17 |    18 |       |    36 ||   101
       Skin              |       |       |     7 |     7 |       ||    14
Dodge: Dodged            |   108 |   173 |   397 |   541 |   890 ||  2109
Block: Other             |       |       |       |       |   203 ||   203
       Reflection        |       |       |       |       |     4 ||     4
